cohdb
Replays
Latest Replays
All Replays
Popular Replays
Top Player Replays
Match Explorer
How It Works
Community
CoH3 Stats
Reddit
Sign in to upload your games and track your stats! →
Sign in with Steam
Match 47317195
Unlisted
Match 47317195
Overview
Messages
Build Orders
End
Kradschützen Motorcycle Team
Selects Panzerjäger Kommand Battlegroup
Selects Blockade Equipment
Panzergrenadier Squad
Panzerpioneer Squad
Construct Light Support Kompanie
Panzerpioneer Squad
Selects Defensive Positions
Fire Support Elements
Panzerjäger Squad
Selects Tank Busters
Flakvierling Half-track
2.5-tonne Medical Truck
Forward Retreat Point
Vehicle Survival Package
Selects Butterfly Bomb Drop
Construct Panzerarmee Kommand
Butterfly Bomb Drop
Armored Reserves
Tungsten Core Ammunition
Veteran Squad Leaders
Butterfly Bomb Drop
Emergency Repair Kits
Butterfly Bomb Drop
Selects Crew Shock Tactics
Rapid Advance
Butterfly Bomb Drop
Otter
poe2 is
OKW
Comba
Burbon
wwiljan
0
0
Comments
sign in to comment!
No comments posted yet!